 Dungeon Crawl Stone Soup version 0.20.0-15-g7f486f2 (webtiles) character file.

39 NoAnimeNoLife the Cudgeler (level 3, 0/27 HPs)
             Began as a Demonspawn Gladiator on June 13, 2017.
             Slain by a jackal (1 damage)
             ... on level 2 of the Dungeon.
             The game lasted 00:01:06 (738 turns).

NoAnimeNoLife the Cudgeler (Demonspawn Gladiator)    Turns: 738, Time: 00:01:08

Health: 0/27       AC:  4    Str: 15    XL:     3   Next: 28%
Magic:  3/3        EV: 20    Int:  9    God:
Gold:   73         SH:  0    Dex: 19    Spells: 2/2 levels left

rFire    . . .     SeeInvis .   a - +0 flail
rCold    . . .     Gourm    .   (no shield)
rNeg     . . .     Faith    .   b - +0 leather armour
rPois    .         Spirit   .   c - +0 helmet
rElec    .         Reflect  .   (no cloak)
rCorr    .         Harm     .   (no gloves)
MR       .....                  (no boots)
Stlth    ++........             (no amulet)
Regen    0.1/turn               (no ring)
MPRegen  0.1/turn               (no ring)

@: agile
A: repulsion field 1, demonic guardian 1
a: no special abilities


You were on level 2 of the Dungeon.
You were not hungry.

You visited 1 branch of the dungeon, and saw 2 of its levels.

You collected 73 gold pieces.

Inventory:

Hand Weapons
 a - a +0 flail (weapon)
Missiles
 d - 3 throwing nets (quivered)
Armour
 b - a +0 leather armour (worn)
 c - a +0 helmet (worn)
Scrolls
 h - 2 scrolls of identify {unknown}
 i - a scroll of teleportation {unknown}
 k - 2 scrolls of enchant weapon {unknown}
Potions
 e - a potion of mutation {unknown}
 j - a potion of agility
 l - a potion of heal wounds {unknown}
 n - a potion of might {unknown}
 o - a potion of berserk rage {unknown}
Comestibles
 f - 2 bread rations
 g - a meat ration
 m - a royal jelly


   Skills:
 - Level 2.0 Fighting
 + Level 4.0 Maces & Flails
 - Level 1.7 Throwing
 - Level 2.6 Dodging


You had 2 spell levels left.
You didn't know any spells.

Dungeon Overview and Level Annotations

Branches:
Dungeon (2/15)

Altars:


Innate Abilities, Weirdness & Mutations

You are surrounded by a mild repulsion field. (EV +2)
A weak demonic guardian rushes to your aid.


Message History

You closely miss the jackal.
The jackal is heavily wounded.
The jackal misses you.
The jackal bites you but does no damage.
You closely miss the jackal.
The jackal is heavily wounded.
The jackal bites you but does no damage.
The jackal closely misses you.
You barely miss the jackal.
The jackal is moderately wounded.
The jackal misses you.
You closely miss the jackal.
The jackal is lightly wounded.
The jackal bites you.
* * * LOW HITPOINT WARNING * * *
The jackal bites you but does no damage.
It was a potion of agility.
You feel agile all of a sudden. The jackal bites you.
You die...

. ... .
..############....$
..
.......glsh@.......
...
..##..hr######.##.
.... #....####
....K###.........
....h..†s........
##..###h......###
#....<##..###
##.#......#
#.......##


You could see 2 jackals, a giant cockroach, a hobgoblin, a frilled lizard and a
rat.

Vanquished Creatures
  A dart slug (D:1)
  3 leopard geckos (D:1)
  3 bats
  5 goblins (D:1)
  3 hobgoblins (D:1)
  3 jackals (D:2)
  A frilled lizard (D:1)
  5 kobolds (D:1)
  3 rats (D:1)
27 creatures vanquished.

Vanquished Creatures (collateral kills)
  5 jackals (D:2)
5 creatures vanquished.

Grand Total: 32 creatures vanquished

Notes
Turn   | Place    | Note
-------+----------+-------------------------------------------
     0 | D:1      | NoAnimeNoLife the Demonspawn Gladiator began the quest for the Orb.
     0 | D:1      | Reached XP level 1. HP: 16/16 MP: 1/1
    69 | D:1      | Reached skill level 3 in Maces & Flails
   126 | D:1      | Gained mutation: A weak demonic guardian rushes to your aid. [demonic ancestry]
   126 | D:1      | Reached XP level 2. HP: 19/22 MP: 2/2
   392 | D:1      | Gained mutation: You are surrounded by a mild repulsion field. (EV +2) [demonic ancestry]
   392 | D:1      | Reached XP level 3. HP: 24/27 MP: 3/3
   728 | D:2      | Reached skill level 4 in Maces & Flails
   737 | D:2      | HP: 1/27 [jackal (2)]
   738 | D:2      | Slain by a jackal

Skill      XL: |  1  2  3 |
---------------+----------+-----
Maces & Flails | 3 4 |  4.0
Fighting       | |  2.0
Throwing       | |  1.7
Dodging        | |  2.6

Action                   || total
-------------------------++-------
Melee: Flail             ||    82
  Use: Potion            ||     1
Armor: Leather armour    ||    50
Dodge: Dodged            ||   104
